 Dungeon Crawl Stone Soup version 0.28-a0-1152-g9c71ebef14 (webtiles) character file.

Game seed: 11852130833827565397

65 SensoryNuts the Ducker (level 3, -2/36 HPs)
             Began as a Troll Fighter on Dec 14, 2021.
             Killed from afar by Sigmund (6 damage)
             ... with a puff of flame
             ... on level 3 of the Dungeon.
             The game lasted 00:02:13 (1792 turns).

SensoryNuts the Ducker (Troll Fighter)              Turns: 1792, Time: 00:02:14

Health: -2/36      AC:  4    Str: 26    XL:     3   Next: 94%
Magic:  2/2        EV:  8    Int:  4    God:
Gold:   28         SH:  7    Dex:  9    Spells: 2/2 levels left

rFire   . . .      SeeInvis .   h - +0 morningstar
rCold   . . .      Faith    .   c - +0 kite shield
rNeg    . . .      Spirit   .   b - +0 robe
rPois   .          Reflect  .   (helmet restricted)
rElec   .          Harm     .   (no cloak)
rCorr   .          Rampage  .   (gloves unavailable)
Will    .....                   (boots unavailable)
Stlth   +.........              (no amulet)
HPRegen 0.92/turn               (no ring)
MPRegen 0.08/turn               (no ring)

@: mighty
A: large, unfitting armour, claws 3, regeneration 1, shaggy fur 1, tough skin 1
a: no special abilities


You were on level 3 of the Dungeon.
You visited 1 branch of the dungeon, and saw 3 of its levels.

You collected 28 gold pieces.

Inventory:

Hand Weapons
 a - a +0 flail
 h - a +0 morningstar (weapon)
Armour
 b - a +0 robe (worn)
 c - a +0 kite shield (worn)
Jewellery
 f - a ring of flight
Scrolls
 i - a scroll of teleportation {unknown}
Potions
 d - 3 potions of might
 e - a potion of resistance
 g - 2 potions of curing


   Skills:
 + Level 2.7 Fighting
 + Level 2.6 Maces & Flails
 + Level 3.1 Dodging
 + Level 0.1 Stealth
 + Level 2.6 Shields


You had 2 spell levels left.
You didn't know any spells.
Your spell library contained the following spells:

 Spells                   Type           Power      Damage    Failure   Level
 Conjure Flame            Conj/Fire      0%         6-21      100%        3
 Ignite Poison            Fire/Tmut/Pois 0%         N/A       100%        3
 Sticky Flame             Conj/Fire      0%         2d3       100%        4


Dungeon Overview and Level Annotations

Branches:
Dungeon (3/15)

Altars:

Annotations:
D:3 Sigmund


Innate Abilities, Weirdness & Mutations

You are too large for most types of armour.
You have claws for hands.
Your natural rate of healing is unusually fast.
You are covered in fur. (AC +1)
You have tough skin. (AC +1)


Message History

Sigmund hits you with a +0 scythe!
* * * LOW HITPOINT WARNING * * *
Sigmund casts a spell.
Sigmund flickers and vanishes!
Deactivating autopickup; reactivate with Ctrl-A.
A puff of flame appears from out of thin air!
The puff of flame hits you.
* * * LOW HITPOINT WARNING * * *
Something tries to affect you, but you resist.
A puff of flame appears from out of thin air!
The puff of flame hits you but does no damage.
A giant cockroach comes into view.
You puncture the giant cockroach!
You kill the giant cockroach!
A magic dart appears from out of thin air!
The magic dart hits you.
A puff of flame appears from out of thin air!
The puff of flame misses you.
Something tries to affect you, but you resist.
You are confused.
You feel very mighty all of a sudden.
You bump into the rock wall.
You feel less confused.
You hear some strange, mumbled words.
You are confused.
You bump into the rock wall.
Something hits you. Something hits you.
You're too confused to move!
A magic dart appears from out of thin air!
The magic dart hits you.
* * * LOW HITPOINT WARNING * * *
Something hits you.
* * * LOW HITPOINT WARNING * * *
Something hits you.
* * * LOW HITPOINT WARNING * * *
You feel less confused.
You hear some strange, mumbled words.
A puff of flame appears from out of thin air!
The puff of flame hits you.
You die...

.. #. #. +# #. .#
##.## .# #...# ##.##
###...### ##...###
#....@..#######.......
#..................#
#......{########..##
###...### #..# #...#
#..# ##### ##.# #{#
#.# #.#


There were no monsters in sight!

Vanquished Creatures
  3 adders
  A worm (D:2)
  A dart slug (D:1)
  2 endoplasms (D:1)
  A giant cockroach (D:3)
  2 hobgoblins
  2 jackals (D:1)
  2 quokkas (D:2)
  4 ball pythons
  2 bats
  6 frilled lizards
  3 goblins
  6 kobolds
  2 rats
37 creatures vanquished.

Notes
Turn   | Place    | Note
-------+----------+-------------------------------------------
     0 | D:1      | SensoryNuts the Troll Fighter began the quest for the Orb.
     0 | D:1      | Reached XP level 1. HP: 22/22 MP: 0/0
   231 | D:1      | Reached XP level 2. HP: 25/29 MP: 1/1
   325 | D:1      | Found a faded altar of an unknown god.
   964 | D:2      | Reached XP level 3. HP: 11/36 MP: 2/2
  1290 | D:2      | Reached skill level 3 in Dodging
  1744 | D:3      | Noticed Sigmund
  1792 | D:3      | Killed from afar by Sigmund

Illustrated notes

Levels and vault maps discovered:
D:1:      dpeg_arrival_court, layout_loops_ring, shapermc_ecumenical_altar_venn
D:2:      layout_basic, kennysheep_minor_cross
D:3:      layout_loops_corners, elyvilon_altar_1, uniq_sigmund

Skill      XL: |  1  2  3 |
---------------+----------+-----
Maces & Flails | 2 |  2.6
Dodging        | 3 |  3.1
Fighting       | |  2.7
Stealth        | |  0.1
Shields        | |  2.6

Action                   || total
-------------------------++-------
Melee: Flail             ||   127
       Morningstar       ||    31
  Use: Potion            ||     6
       Scroll            ||     2
Armor: Robe              ||    70
Dodge: Dodged            ||    72
Block: Kite shield       ||    66

Table legend: (Time is in decaauts)
 A = Elapsed time spent in this place.
 B = Non-inter-level travel time spent in this place.
 C = Inter-level travel time spent in this place.
 D = Time resting spent in this place.
 E = Time spent auto-exploring this place.
 F = Levels seen in this place.
 G = Mean time per level.
                   A        B        C        D        E       F      G
               +--------+--------+--------+--------+--------+-----+--------+
         Total |   1876 |   1865 |     11 |    328 |   1026 |   3 |  625.3 |
       Dungeon |   1876 |   1865 |     11 |    328 |   1026 |   3 |  625.3 |
               +--------+--------+--------+--------+--------+-----+--------+

Top non-repeatable levels by time:
     D:2: 974 daAuts
     D:1: 831 daAuts
     D:3: 71 daAuts
